 Dungeon Crawl Stone Soup version 0.28-b1-25-g9875b3fc8c (webtiles) character file.

Game seed: 11371191823570424883

5058 mopl the Martial Artist (level 10, 0/71 HPs)
             Began as a Demonspawn Transmuter on Feb 8, 2022.
             Was an Elder of Makhleb.
             Killed from afar by a steam dragon (16 damage)
             ... with a ball of steam
             ... on level 8 of the Dungeon.
             The game lasted 00:19:14 (10530 turns).

mopl the Martial Artist (Demonspawn Transmuter)    Turns: 10530, Time: 00:19:15

Health: 0/71       AC:  2    Str: 11    XL:     10   Next: 31%
Magic:  19/19      EV: 26    Int: 14    God:    Makhleb [****..]
Gold:   616        SH:  0    Dex: 23    Spells: 9/21 levels left

rFire   . . .      SeeInvis .     - Unarmed
rCold   . . .      Faith    .   (shield currently unavailable)
rNeg    + . .      Spirit   .   (armour currently unavailable)
rPois   x          Reflect  .   (helmet currently unavailable)
rElec   .          Harm     .   (cloak currently unavailable)
rCorr   .          Rampage  .   (gloves currently unavailable)
Will    .....                   (boots currently unavailable)
Stlth   ++........              (no amulet)
HPRegen 0.21/turn               r - ring of positive energy
MPRegen 0.16/turn               D - +4 ring of evasion

@: spider-form (expiring)
A: venomous fangs, tiny, (yellow scales 1), condensation shield, demonic magic
1, (weakness stinger 2)
a: End Transformation, Renounce Religion, Minor Destruction, Lesser Servant of
Makhleb, Major Destruction


You were on level 8 of the Dungeon.
You worshipped Makhleb.
Makhleb was greatly pleased with you.
You were a venomous arachnid creature.
You visited 2 branches of the dungeon, and saw 9 of its levels.
You also visited: Sewer and Ossuary.

You collected 616 gold pieces.

Inventory:

Missiles
 n - 61 poisoned darts (quivered)
 G - 6 boomerangs
 L - a curare-tipped dart
Armour
 i - the +5 chain mail of the Old World {+Inv rPois}
   (You found it on level 2 of the Dungeon)

   rPois:     It protects you from poison.
   +Inv:      It lets you turn invisible.
 I - +1 steam dragon scales (melded)
 J - a +0 pair of gloves (melded)
Jewellery
 r - a ring of positive energy (left front leg)
 u - a ring of fire
 y - a ring of positive energy
 D - a +4 ring of evasion (right front leg)
Wands
 e - a wand of flame (15)
 q - a wand of polymorph (7)
 t - a wand of digging (10)
 H - a wand of mindburst (17)
Scrolls
 b - 6 scrolls of teleportation {unknown}
 d - 2 scrolls of summoning {unknown}
 f - 3 scrolls of fear {unknown}
 h - a scroll of vulnerability {unknown}
 m - 4 scrolls of blinking {unknown}
 o - a scroll of enchant armour {unknown}
 p - 2 scrolls of acquirement {unknown}
 v - a scroll of noise {unknown}
 w - a scroll of brand weapon {unknown}
 z - 2 scrolls of immolation {unknown}
 A - a scroll of enchant weapon {unknown}
 B - 3 scrolls of fog {unknown}
 F - a scroll of magic mapping {unknown}
Potions
 a - a potion of lignification {!q}
 c - 2 potions of curing
 g - a potion of cancellation
 j - 2 potions of flight
 k - 4 potions of brilliance {unknown}
 l - 3 potions of magic
 s - 4 potions of heal wounds
 x - 2 potions of invisibility
 C - a potion of ambrosia
 E - a potion of berserk rage {!q}


   Skills:
 + Level 3.7 Fighting
 + Level 3.7 Dodging
 * Level 8.7 Unarmed Combat
 + Level 6.1 Spellcasting
 + Level 1.3 Translocations
 + Level 6.0 Transmutations
 - Level 4.0 Poison Magic
 + Level 6.2 Invocations


You had 9 spell levels left.
You knew the following spells:

 Your Spells              Type           Power      Damage    Failure   Level
a - Beastly Appendage     Tmut           42%        N/A       6%          1
b - Spider Form           Tmut/Pois      18%        N/A       17%         3
d - Ice Form              Ice/Tmut       12%        N/A       63%         4
e - Blink                 Tloc           16%        N/A       32%         2
w - Wereblood             Tmut           21%        N/A       8%          2

Your spell library contained the following spells:

 Spells                   Type           Power      Damage    Failure   Level
 Foxfire                  Conj/Fire      16%        2x1d4     34%         1
 Magic Dart               Conj           16%        1d3       34%         1
 Slow                     Hex            16%        N/A       34%         1
 Call Imp                 Summ           4%         N/A       45%         2
 Searing Ray              Conj           8%         2d4       45%         2
 Gell's Gravitas          Tloc           8%         N/A       47%         3
 Lesser Beckoning         Tloc           8%         N/A       47%         3
 Mephitic Cloud           Conj/Pois/Air  7%         N/A       47%         3
 Teleport Other           Tloc           8%         N/A       47%         3
 Confusing Touch          Hex            4%         N/A       65%         3
 Conjure Flame            Conj/Fire      4%         6-21      65%         3
 Frozen Ramparts          Ice            8%         1d2       65%         3
 Inner Flame              Hex/Fire       4%         N/A       65%         3
 Vampiric Draining        Necr           4%         2d6       65%         3
 Flame Wave               Conj/Fire      4%         2d5       94%         4
 Fulminant Prism          Conj/Hex       2%         3d6       94%         4
 Summon Ice Beast         Ice/Summ       4%         N/A       94%         4
 Manifold Assault         Tloc           8%         N/A       98%         5
 Storm Form               Tmut/Air       6%         N/A       100%        7


Dungeon Overview and Level Annotations

Branches:
Dungeon (8/15)             Temple (1/1) D:4           Sewer (visited)
Ossuary (visited)
   Lair: D:8-11

Altars:
Cheibriados
Dithmenos
Makhleb
Nemelex Xobeh
Okawaru
Qazlal
Trog
Wu Jian
Xom
Yredelemnul
Zin
The Shining One

Shops:
D:3 (

Annotations:
D:8 1 runed translucent door


Innate Abilities, Weirdness & Mutations

You are a venomous arachnid creature.
You have poisonous fangs.
You are tiny and dextrous.
Your spellcasting is less reliable in this form.
Your armour is entirely melded.
You are incapable of wielding weapons or throwing items.
((You are partially covered in yellow scales. (AC +2)))
A meltable shield of frost defends you. (SH +0)
Spells you cast may paralyse adjacent enemies.
((You have a tail ending in a sharp stinger.))


Message History

You swing at nothing.
You closely miss something. Something completely misses you.
You swing at nothing.
You block something's attack. Something closely misses you.
You bite something! Something hits you but does no damage.
You hit the steam dragon.
The steam dragon is poisoned.
The steam dragon is lightly wounded.
You block something's attack. The steam dragon breathes steam at you.
The ball of steam hits you!
Your condensation shield dissipates!
Unknown command.
You hit the steam dragon.
The steam dragon looks as sick as possible!
The steam dragon is moderately wounded.
You are engulfed in a cloud of scalding steam.
Your transformation is almost over.
Something hits you! The steam dragon completely misses you.
The steam dragon misses you.
You hit the steam dragon but do no damage.
The steam dragon looks as sick as possible!
The steam dragon is moderately wounded.
You are engulfed in a cloud of scalding steam.
Something hits you!
* * * LOW HITPOINT WARNING * * *
Unknown command.
Something hits you.
* * * LOW HITPOINT WARNING * * *
Unknown command.
Makhleb accepts your kill.
You feel better.
Reactivating autopickup.
You feel a bit more experienced.
Unknown command.
You hit the steam dragon but do no damage.
The steam dragon looks as sick as possible!
The steam dragon is heavily wounded.
The steam dragon breathes steam at you. The ball of steam hits you!
You die...

............# ######....#......#.
...........[###.........#......#.
............#.....##....#........
..........###...........##.......
..........# #....................
..........####.........###.......
.......................# ###.....
.......###.........#...#####.#...
.......D.#.....Ds..#.....#.......
.........#....§§...#.....#.......
.............§.§...###...#.....<.
............>###.................
.............###.................
...............#............)))(.
...............#.............(.).
.#.....###.....#..............)..
.#.....# #.....###.....##.....###


You could see a steam dragon (extremely poisoned, catching breath).

Vanquished Creatures
  A two-headed ogre (D:8)
  An unseen horror (D:8)
  Menkaure (Ossuary)
  Edmund (D:4)
  2 water moccasins
  2 black bears
  4 ice beasts
  3 sky beasts (D:6)
  An orc warrior (D:7)
  A necrophage (D:8)
  2 centaurs
  An elf zombie (Ossuary)
  9 kobold brigands
  3 scorpions
  3 bullfrogs
  2 howler monkeys (D:8)
  5 wights
  2 centaur zombies (Ossuary)
  2 bullfrog zombies (D:5)
  2 jellies
  A human zombie (Ossuary)
  A bullfrog skeleton (D:6)
  3 gnoll shamans
  An orc priest (D:3)
  2 hounds
  3 iguanas
  6 orc wizards
  A killer bee zombie (D:8)
  3 ogre zombies (Ossuary)
  6 mummies (Ossuary)
  10 gnolls
  13 adders
  5 river rats
  A shadow imp (D:6)
  2 white imps (D:8)
  An adder zombie (D:5)
  8 worms
  3 dart slugs
  24 orcs
  7 endoplasms
  6 giant cockroaches
  A gnoll zombie (Ossuary)
  5 goblins
  9 hobgoblins
  9 jackals (D:2)
  23 kobolds
  4 quokkas
  8 ball pythons
  4 bats (D:2)
  5 frilled lizards
  5 goblin zombies
  6 hobgoblin zombies (Ossuary)
  3 kobold zombies (Ossuary)
  An orc zombie (Ossuary)
  A quokka skeleton (D:4)
  6 quokka zombies
  13 rats
  3 rat zombies (Ossuary)
261 creatures vanquished.

Vanquished Creatures (others)
  An orc wizard (D:7)
  A fungus (D:1)
  5 plants (D:2)
  5 toadstools (D:2)
12 creatures vanquished.

Grand Total: 273 creatures vanquished

Notes
Turn   | Place    | Note
-------+----------+-------------------------------------------
     0 | D:1      | mopl the Demonspawn Transmuter began the quest for the Orb.
     0 | D:1      | Reached XP level 1. HP: 15/15 MP: 3/3
   166 | D:1      | Reached skill level 3 in Unarmed Combat
   166 | D:1      | Reached skill level 2 in Transmutations
   182 | D:1      | Gained mutation: A meltable shield of frost defends you.
                  | (SH +0) [demonic ancestry]
   182 | D:1      | Reached XP level 2. HP: 4/21 MP: 3/5
  1267 | D:2      | Gained mutation: You are partially covered in yellow
                  | scales. (AC +2) [demonic ancestry]
  1267 | D:2      | Reached XP level 3. HP: 17/26 MP: 4/6
  1377 | D:2      | Learned a level 2 spell: Wereblood
  1381 | D:2      | Learned a level 3 spell: Spider Form
  1517 | D:2      | Identified the +5 chain mail of the Old World {+Inv rPois}
  1981 | D:2      | Reached XP level 4. HP: 32/32 MP: 5/7
  2460 | D:3      | Found Usmuyskech's Antique Weapon Emporium.
  2496 | D:3      | Reached skill level 1 in Poison Magic
  2551 | D:3      | Reached skill level 4 in Unarmed Combat
  2623 | D:3      | Gained mutation: You have a small tail. [demonic ancestry]
  2623 | D:3      | Reached XP level 5. HP: 29/37 MP: 7/9
  2705 | D:3      | Found a glowing drain.
  2709 | Sewer    | Entered a sewer
  2769 | Sewer    | Reached skill level 3 in Spellcasting
  2822 | Sewer    | Reached skill level 3 in Transmutations
  2841 | Sewer    | Reached skill level 2 in Poison Magic
  2894 | Sewer    | Reached XP level 6. HP: 39/43 MP: 10/10
  3207 | Sewer    | Reached skill level 5 in Unarmed Combat
  3261 | Sewer    | Gained mutation: You have a tail ending in a sharp stinger.
                  | [demonic ancestry]
  3261 | Sewer    | Reached XP level 7. HP: 30/48 MP: 9/12
  3305 | Sewer    | Reached skill level 3 in Poison Magic
  3610 | D:3      | Learned a level 4 spell: Ice Form
  3882 | D:3      | Reached skill level 4 in Spellcasting
  4149 | D:4      | Reached skill level 4 in Transmutations
  4200 | D:4      | Identified the +2 robe "Wena" {-Cast Str+6}
  4218 | D:4      | Found a staircase to the Ecumenical Temple.
  4310 | Temple   | Entered the Ecumenical Temple
  4543 | Temple   | Became a worshipper of Makhleb the Destroyer
  4628 | D:4      | Identified the +3 ring mail "Zaresul" {rF+}
  4715 | D:4      | Reached skill level 6 in Unarmed Combat
  4726 | D:4      | Reached XP level 8. HP: 21/54 MP: 6/14
  4730 | D:4      | Reached skill level 1 in Invocations
  4735 | D:4      | HP: 2/54 [poisoned by a scorpion]
  5276 | D:5      | Entered Level 5 of the Dungeon
  5307 | D:5      | Noticed Edmund
  5333 | D:4      | Killed Edmund
  5413 | D:5      | Found a sand-covered staircase.
  5420 | Ossuary  | Entered an ossuary
  5634 | Ossuary  | Noticed Menkaure
  5651 | Ossuary  | Killed Menkaure
  5652 | Ossuary  | Reached skill level 4 in Poison Magic
  5652 | Ossuary  | Reached skill level 2 in Invocations
  5653 | Ossuary  | HP: 1/54 [mummy (16)]
  6113 | Ossuary  | Reached * piety under Makhleb
  6143 | Ossuary  | Reached skill level 3 in Invocations
  6498 | Ossuary  | Reached skill level 7 in Unarmed Combat
  6607 | D:5      | Reached skill level 5 in Spellcasting
  6736 | D:5      | Reached ** piety under Makhleb
  7122 | D:5      | Reached skill level 2 in Dodging
  7122 | D:5      | Reached skill level 5 in Transmutations
  7122 | D:5      | Reached skill level 4 in Invocations
  7122 | D:5      | Reached XP level 9. HP: 59/59 MP: 7/16
  7513 | D:6      | Reached skill level 2 in Fighting
  7670 | D:6      | Found Goggoira's Magic Scroll Boutique.
  8345 | D:7      | Reached skill level 5 in Invocations
  8483 | D:7      | Reached skill level 8 in Unarmed Combat
  8818 | D:7      | Reached skill level 3 in Dodging
  8839 | D:7      | Noticed Maggie
  8840 | D:7      | Noticed Maggie
  8840 | D:7      | Maggie changed into Maggie the worm
  8849 | D:7      | Killed Maggie the worm
  9168 | D:7      | Reached *** piety under Makhleb
  9179 | D:7      | Identified the +1 leather armour of Vlad {Str+3}
  9440 | D:7      | Reached skill level 3 in Fighting
  9827 | D:8      | Learned a level 2 spell: Blink
  9914 | D:8      | Gained mutation: Spells you cast may paralyse adjacent
                  | enemies. [demonic ancestry]
  9914 | D:8      | Reached XP level 10. HP: 70/70 MP: 18/18
 10097 | D:8      | Reached **** piety under Makhleb
 10156 | D:8      | Found a runed translucent door.
 10157 | D:8      | Noticed a sixfirhy
 10168 | D:8      | Noticed a two-headed ogre
 10180 | D:8      | Killed a two-headed ogre
 10181 | D:8      | Reached skill level 6 in Spellcasting
 10181 | D:8      | Reached skill level 1 in Translocations
 10181 | D:8      | Reached skill level 6 in Transmutations
 10181 | D:8      | Reached skill level 6 in Invocations
 10530 | D:8      | Killed from afar by a steam dragon

Illustrated notes

Levels and vault maps discovered:
D:1:      dpeg_cavernosity, layout_loops_corners
D:2:      layout_basic, serial_aquarium, aquarium_bridge_straight
          [aquarium_subvault_bridge, aquarium_subvault_wall,
          aquarium_subvault_bridge, aquarium_subvault_wall], aquarium_window_1,
          aquarium_window_corner, aquarium_window_fake, aquarium_view_2c,
          aquarium_view_2g, aquarium_balcony_3a, minmay_gold_behind_fungi,
          chequers_big_river, st_stairs_1, minmay_tromino_v7
D:3:      layout_rooms, lightli_sewer_entry_pipes, serial_shops, shop_coins
D:4:      layout_cave_pools, minmay_temple_entry_drinking_statues
D:5:      layout_basic, enter_ossuary_4, uniq_edmund
D:6:      layout_layer_cave, serial_shops, nicolae_shop_advertising_works
          [nicolae_subvault_shop_adworks]
D:7:      layout_gridville, uniq_maggie
D:8:      cheibrodos_shockbox, layout_basic, serial_shops, kennysheep_mini_moat,
          grunt_potential
Temple:   mainiacjoe_temple_trianglar_array

Skill      XL: |  1  2  3  4  5  6  7  8  9 10 |
---------------+-------------------------------+-----
Unarmed Combat | 3 4 5 6 7 8 |  8.7
Transmutations | 2 3 4 5 6 |  6.0
Poison Magic   | 1 2 3 4 |  4.0
Spellcasting   | 3 4 5 6 |  6.1
Invocations    | 4 5 6 |  6.2
Dodging        | 2 3 |  3.7
Fighting       | 3 |  3.7
Translocations | 1 |  1.3

Action                   |  1- 3 |  4- 6 |  7- 9 | 10-12 || total
-------------------------+-------+-------+-------+-------++-------
Melee: Unarmed           |   109 |   169 |   549 |    77 ||   904
       Kick              |    26 |    25 |    41 |       ||    92
       Headbutt          |    11 |    22 |    19 |       ||    52
       Punch             |     1 |     2 |    14 |       ||    17
       Tailslap          |       |     9 |    44 |     2 ||    55
 Cast: Beastly Appendage |    21 |    25 |    16 |       ||    62
       Spider Form       |       |     5 |    23 |     5 ||    33
       Ice Form          |       |       |     7 |     1 ||     8
 Abil: End Transformatio |       |       |     4 |       ||     4
Evoke: Wand              |       |       |     3 |       ||     3
  Use: Potion            |       |       |     1 |       ||     1
       Scroll            |       |       |     9 |     1 ||    10
 Stab: Sleeping          |     1 |       |     5 |       ||     6
       Paralysed         |       |       |       |     5 ||     5
Armor: Robe              |    24 |    26 |    36 |       ||    86
       Skin              |       |     2 |    13 |     3 ||    18
       Steam dragon scal |       |       |     9 |     1 ||    10
Dodge: Dodged            |    54 |   102 |   307 |    94 ||   557
Block: Other             |     5 |    22 |    85 |    16 ||   128
